 Dungeon Crawl Stone Soup version 0.25.1-9-gc5326a611f (webtiles) character file.

Game seed: 779287736675396847

122 Clowwww the Grave Robber (level 4, 0/30 HPs)
             Began as a Demonspawn Necromancer on Dec 29, 2020.
             Succumbed to an adder's poison
             ... on level 3 of the Dungeon.
             The game lasted 00:07:38 (3205 turns).

Clowwww the Grave Robber (Demonspawn Necromancer)   Turns: 3205, Time: 00:07:39

Health: 0/30       AC:  2    Str:  8    XL:     4   Next: 78%
Magic:  0/9        EV: 12    Int: 17    God:
Gold:   69         SH:  0    Dex: 14    Spells: 4/10 levels left

rFire    + . .     SeeInvis .   (no weapon)
rCold    + . .     Gourm    .   (no shield)
rNeg     . . .     Faith    .   a - +0 robe
rPois    .         Spirit   .   (no helmet)
rElec    .         Reflect  .   k - scarf {rC+ rF+}
rCorr    .         Harm     .   (no gloves)
MR       .....                  (no boots)
Stlth    ++........             e - amulet of the acrobat
HPRegen  0.10/turn              (no ring)
MPRegen  0.11/turn              (no ring)

@: lethally poisoned (0 -> -12), very slightly contaminated
A: claws 1
a: no special abilities


You were on level 3 of the Dungeon.
You were not hungry.

You visited 1 branch of the dungeon, and saw 3 of its levels.

You collected 69 gold pieces.

Inventory:

Armour
 a - a +0 robe (worn)
 k - a scarf of resistance (worn)
Jewellery
 e - an amulet of the acrobat (around neck)
Scrolls
 b - a scroll of remove curse {unknown}
 d - a scroll of teleportation {unknown}
 f - 3 scrolls of identify {unknown}
 g - a scroll of random uselessness {unknown}
 j - a scroll of fear {unknown}
Potions
 h - 2 potions of lignification {unknown}
 i - a potion of stabbing {unknown}
 l - a potion of heal wounds {unknown}
 m - a potion of curing {unknown}
 o - 2 potions of might {unknown}
 p - a potion of mutation {unknown}
Comestibles
 c - 5 rations
 n - 3 chunks of flesh


   Skills:
 + Level 2.1 Dodging
 + Level 1.8 Stealth
 + Level 0.3 Unarmed Combat
 + Level 3.5 Spellcasting
 + Level 5.5 Necromancy


You had 4 spell levels left.
You knew the following spells:

 Your Spells              Type           Power        Failure   Level  Hunger
a - Pain                  Necr           ###.         1%          1    None
b - Animate Skeleton      Necr           N/A          1%          1    None
c - Animate Dead          Necr           N/A          17%         4    ####...

Your spell library contained the following spells:

 Spells                   Type           Power        Failure   Level  Hunger
 Vampiric Draining        Necr           ###.......   5%          3    ###....
 Agony                    Necr           ###.....     43%         5    ######.


Dungeon Overview and Level Annotations

Branches:
Dungeon (3/15)

Altars:
Ashenzari
Cheibriados
Trog
Wu Jian


Innate Abilities, Weirdness & Mutations

You have sharp fingernails.


Message History

The adder writhes in agony.
* * * LOW HITPOINT WARNING * * *
You feel sick. The adder closely misses you.
* * * LOW HITPOINT WARNING * * *
You feel sick.
You see here a ration.
* * * LOW HITPOINT WARNING * * *
You feel sick. The adder bites you.
* * * LOW HITPOINT WARNING * * *
You are more poisoned.
The adder poisons you!
* * * LOW HITPOINT WARNING * * *
You feel sick.
Casting: Pain (safe; 1% risk of failure)
Confirm with . or Enter, or press ? or * to list all spells.
Aiming: Pain (safe; 1% risk of failure)
Press: ? - help, Shift-Dir - straight line, f/p - adder
Aim: an adder (almost dead, chance to defeat MR: 86%)
The adder writhes in agony.
You die...

#.# #.# ##.#####
######.# ##...##..
...##.# #....
#.#####.##.# #...
#.#......).#
#######)###.#.###.####
..............# #>#
######รท###.#####.#
#@# #.......# #S#
######### #%# #.# #.#
#.# #.# #.# ...


You could see an adder.

Vanquished Creatures
  3 gnolls (D:2)
  2 adders (D:3)
  A worm (D:2)
  3 dart slugs
  2 leopard geckos (D:1)
  7 bats
  6 giant cockroaches
  8 goblins
  2 hobgoblins (D:1)
  4 jackals (D:1)
  A quokka (D:2)
  4 frilled lizards
  12 kobolds
  5 rats
60 creatures vanquished.

Vanquished Creatures (collateral kills)
  A dart slug (D:1)
  A frilled lizard (D:1)
  A kobold (D:1)
  2 rats (D:1)
5 creatures vanquished.

Grand Total: 65 creatures vanquished

Notes
Turn   | Place    | Note
-------+----------+-------------------------------------------
     0 | D:1      | Clowwww the Demonspawn Necromancer began the quest for the
                  | Orb.
     0 | D:1      | Reached XP level 1. HP: 13/13 MP: 3/3
   333 | D:1      | Gained mutation: You have sharp fingernails. [demonic
                  | ancestry]
   333 | D:1      | Reached XP level 2. HP: 10/19 MP: 0/5
   479 | D:1      | Learned a level 1 spell: Animate Skeleton
   861 | D:1      | Reached skill level 5 in Necromancy
  1169 | D:1      | Reached XP level 3. HP: 23/24 MP: 3/6
  1984 | D:2      | Found a snail-covered altar of Cheibriados.
  2091 | D:2      | Reached XP level 4. HP: 24/30 MP: 0/8
  2530 | D:2      | Found a shattered altar of Ashenzari.
  2563 | D:2      | Learned a level 4 spell: Animate Dead
  2644 | D:2      | Found an ornate altar of the Wu Jian Council.
  2838 | D:2      | Found a bloodstained altar of Trog.
  3205 | D:3      | Succumbed to an adder's poison

Illustrated notes

Levels and vault maps discovered:
D:1:      psy_arrival_basics, layout_basic, minmay_hexomino_f4
D:2:      layout_loops_cross, ashenzari_altar_1, lemuel_crystal_altar,
          lemuel_round_altar, overflow_temple_1_default, first_ration,
          hangedman_glass_teeth
D:3:      layout_loops_corners, lemuel_blue_sif_altar

Skill      XL: |  1  2  3 |
---------------+----------+-----
Necromancy     | 5 |  5.5
Dodging        | 2 |  2.1
Spellcasting   | 3 |  3.5
Stealth        | |  1.8
Unarmed Combat | |  0.3

Action                   |  1- 3 |  4- 6 || total
-------------------------+-------+-------++-------
Melee: Unarmed           |    40 |    11 ||    51
 Cast: Pain              |    72 |    42 ||   114
       Animate Skeleton  |     8 |     1 ||     9
  Eat: Chunk             |     4 |     4 ||     8
Armor: Robe              |     5 |       ||     5
Dodge: Dodged            |    72 |    15 ||    87
